 Dungeon Crawl Stone Soup version 0.27-a0-1301-g128193abf8 (webtiles) character file.

Game seed: 12149671099221579193

1719 quinnr the Summoner (level 9, -4/44 HPs)
             Began as a Tengu Summoner on June 18, 2021.
             Was a Believer of Hepliaklqana.
             Slain by a six-headed hydra (10 damage)
             ... on level 7 of the Dungeon.
             The game lasted 00:39:12 (8583 turns).

quinnr the Summoner (Tengu Summoner)                Turns: 8583, Time: 00:39:12

Health: -4/44      AC:  9    Str:  8    XL:     9   Next: 4%
Magic:  19/26      EV: 15    Int: 19    God:    Hepliaklqana [**....]
Gold:   195        SH:  0    Dex: 15    Spells: 4/18 levels left

rFire    + . .     SeeInvis .   f - +4 whip (venom)
rCold    . . .     Faith    .   (no shield)
rNeg     . . .     Spirit   .   z - +2 robe {rF+}
rPois    .         Reflect  .   (helmet restricted)
rElec    .         Harm     .   p - +0 cloak
rCorr    .         Rampage  +   (no gloves)
Will     .....                  (boots unavailable)
Stlth    ++........             G - amulet of the Ageing King {RegenMP Rampage}
HPRegen  0.14/turn              e - +4 ring of protection
MPRegen  0.45/turn              m - ring of magical power

@: flying quickly and evasively, quick
A: reduced essence, beak, talons 3, nimble flight
a: Renounce Religion, Recall Ancestor, Ancestor Identity


You were on level 7 of the Dungeon.
You worshipped Hepliaklqana.
Hepliaklqana was pleased with you.
You visited 2 branches of the dungeon, and saw 8 of its levels.
You also visited: Sewer.

You collected 303 gold pieces.
You spent 108 gold pieces at shops.

Inventory:

Hand Weapons
 f - a +4 whip of venom (weapon)
 v - a +1 halberd of venom
 x - a +2 dagger of venom
 H - a +0 bardiche of venom
Missiles
 s - 26 poisoned darts (quivered)
 D - 2 atropa-tipped darts
Armour
 a - a +0 robe
 p - a +0 cloak (worn)
 z - a +2 robe of fire resistance (worn)
Jewellery
 e - a +4 ring of protection (left hand)
 k - a ring of protection from cold
 m - a ring of magical power (right hand)
 t - a +6 ring of strength
 G - the amulet of the Ageing King (around neck) {RegenMP Rampage}
   (You found it on level 5 of the Dungeon)

   [amulet of magic regeneration]

   It increases your rate of magic regeneration.
   It bestows one free step when moving towards enemies.
Wands
 E - a wand of paralysis (4)
 F - a wand of digging (4)
 I - a wand of iceblast (12)
Scrolls
 b - 2 scrolls of teleportation
 g - a scroll of immolation {unknown}
 n - 2 scrolls of enchant armour {unknown}
 r - 2 scrolls of enchant weapon {unknown}
 u - a scroll of holy word {unknown}
 y - a scroll of summoning {unknown}
 A - 4 scrolls of noise {unknown}
 B - 2 scrolls of fear {unknown}
Potions
 c - a potion of haste {unknown}
 d - a potion of might
 h - a potion of cancellation {unknown}
 i - a potion of mutation {unknown}
 j - 3 potions of curing
 l - a potion of berserk rage {unknown}
 o - 3 potions of attraction
 q - 2 potions of lignification {unknown}
 w - a potion of brilliance {unknown}
 C - 4 potions of flight {unknown}


   Skills:
 + Level 2.8 Fighting
 - Level 1.0 Maces & Flails
 - Level 2.2 Dodging
 - Level 2.0 Stealth
 - Level 5.0 Spellcasting
 - Level 8.0 Summonings
 - Level 3.0 Translocations
 - Level 2.0 Transmutations
 - Level 7.0 Air Magic
 + Level 1.9 Earth Magic


You had 4 spell levels left.
You knew the following spells:

 Your Spells              Type           Power      Damage    Failure   Level
a - Summon Small Mammal   Summ           100%       N/A       1%          1
b - Call Imp              Summ           35%        N/A       1%          2
c - Summon Lightning Spi  Summ/Air       33%        N/A       5%          4
d - Blink                 Tloc           N/A        N/A       5%          2
e - Mephitic Cloud        Conj/Pois/Air  13%        N/A       14%         3
f - Passwall              Tmut/Erth      10%        N/A       9%          2

Your spell library contained the following spells:

 Spells                   Type           Power      Damage    Failure   Level
 Call Canine Familiar     Summ           35%        N/A       1%          3
 Swiftness                Air            31%        N/A       1%          3
 Summon Guardian Golem    Hex/Summ       19%        N/A       7%          3
 Magic Dart               Conj           16%        1d3       12%         1
 Searing Ray              Conj           8%         3d3       19%         2
 Slow                     Hex            4%         N/A       19%         2
 Summon Ice Beast         Ice/Summ       19%        N/A       24%         4
 Passage of Golubria      Tloc           N/A        N/A       34%         4
 Conjure Flame            Conj/Fire      4%         6-21      36%         3
 Dazzling Flash           Conj/Hex       8%         N/A       36%         3
 Iskenderun's Mystic Bla  Conj/Tloc      10%        2d4       54%         4
 Fulminant Prism          Conj/Hex       2%         3d6       77%         4
 Lee's Rapid Deconstruct  Erth           6%         3d7*      83%         5
 Invisibility             Hex            2%         N/A       100%        6


Dungeon Overview and Level Annotations

Branches:
Dungeon (7/15)             Temple (1/1) D:4           Sewer (visited)

Altars:
Ashenzari
Cheibriados
Dithmenos
Elyvilon
Fedhas
Gozag
Hepliaklqana
Makhleb
Nemelex Xobeh
Okawaru
Qazlal
Ru
Sif Muna
Trog
Vehumet
Xom
Yredelemnul
Zin

Shops:
D:1 ?   D:4 !

Annotations:
D:7 Harold


Innate Abilities, Weirdness & Mutations

Your life essence is reduced to manifest your ancestor. (-10% HP)
You have a beak for a mouth.
You have claws for feet.
Your magical nature lets you fly swiftly and evasively.


Message History

f - a +4 whip of venom (weapon)
Your white imp gestures at the six-headed hydra.
The puff of frost hits the six-headed hydra!
The six-headed hydra bites you! The six-headed hydra misses you. x2
The six-headed hydra bites you!
The six-headed hydra barely misses you. x2
Casting: Call Imp (safe; 1% risk of failure)
Confirm with . or Enter, or press ? or * to list all spells.
Aiming: Passwall (safe; 9% risk of failure)
Press: ? - help, Dir - move target, p - Harold A rock wall.
Your crimson imp hits Harold.
Harold fires a harpoon shot at you.
The harpoon shot hits Muffin!
Your white imp hits the six-headed hydra.
Your white imp freezes the six-headed hydra.
The six-headed hydra bites you but does no damage.
The six-headed hydra barely misses you.
The six-headed hydra completely misses you.
The six-headed hydra bites you!
* * * LOW HITPOINT WARNING * * *
The six-headed hydra bites you but does no damage.
The six-headed hydra bites you.
* * * LOW HITPOINT WARNING * * *
You begin to meditate on the wall.
You continue meditating on the rock.
Your crimson imp hits Harold but does no damage.
Your white imp gestures at the six-headed hydra.
The puff of frost hits the six-headed hydra!
The six-headed hydra bites your white imp but does no damage.
The six-headed hydra bites your white imp!
The six-headed hydra closely misses your white imp.
The six-headed hydra bites your white imp but does no damage.
The six-headed hydra bites your white imp!!
Your white imp dies!
The six-headed hydra bites you.
* * * LOW HITPOINT WARNING * * *
Muffin hits Harold but does no damage.
You continue meditating on the rock.
The six-headed hydra bites you but does no damage. x3
The six-headed hydra bites you!
You die...

..#...............#
..#...............#
..#...<...........+
..#...............#
..#.....#'####'###....
..'.....#...#....#....
..#.....#...#....# ..
####..##########5#
##### ##@##+## ##8##
+.D.8..# 8...8#
#.@....# #.....#
##'###+# _....._ R5.
##.....## .....
#8...8# .......
......... ......ยง....


You could see the friendly Muffin the hexer, Harold (ally target), a six-headed
hydra, a friendly lightning spire (summoned), a friendly crimson imp (summoned)
and a friendly shadow imp (summoned).

Vanquished Creatures
  Menkaure (D:7)
  A bullfrog (D:6)
  2 wights
  A centaur zombie (D:6)
  A quasit (D:5)
  An orc priest (D:3)
  A jelly (D:6)
  Natasha (thrice) (D:2)
  A howler monkey skeleton (D:6)
  A gnoll (D:4)
  An adder (D:3)
  An adder zombie (D:3)
  2 dart slugs
  4 orcs
  2 ball pythons
  3 bats
  A giant cockroach (D:2)
  2 goblins
  2 hobgoblins (D:1)
  3 jackals (D:3)
  A quokka (D:3)
  2 ball python skeletons (D:3)
  A frilled lizard (D:1)
  3 rats
41 creatures vanquished.

Vanquished Creatures (collateral kills)
  A water moccasin (D:5)
  Purgy (Sewer)
  4 black bears
  2 necrophages
  2 ogres
  2 centaurs (D:7)
  A phantom (D:5)
  Blork the orc (D:6)
  A killer bee (D:7)
  8 wights
  2 howler monkeys (D:5)
  2 quasits (D:5)
  2 hounds
  4 orc priests
  2 iguanas
  An orc wizard (D:3)
  A hound skeleton (D:4)
  3 gnolls (D:4)
  5 adders
  A white imp (D:5)
  An ufetubus (D:5)
  An adder zombie (D:3)
  A worm (D:3)
  17 orcs
  10 ball pythons
  An endoplasm (D:1)
  3 giant cockroaches
  4 goblins
  3 hobgoblins
  A jackal (D:3)
  2 quokkas
  5 bats
  2 frilled lizards (D:3)
  5 kobolds
  5 rats
107 creatures vanquished.

Vanquished Creatures (others)
  2 hexers
  4 withered plants
6 creatures vanquished.

Grand Total: 154 creatures vanquished

Notes
Turn   | Place    | Note
-------+----------+-------------------------------------------
     0 | D:1      | quinnr the Tengu Summoner began the quest for the Orb.
     0 | D:1      | Reached XP level 1. HP: 10/10 MP: 4/4
   120 | D:1      | Found Utoolouni's Magic Scroll Shop.
   325 | D:1      | Reached skill level 5 in Summonings
   586 | D:1      | Reached XP level 2. HP: 15/15 MP: 3/6
   589 | D:1      | Learned a level 2 spell: Call Imp
  1544 | D:2      | Found a faded altar of an unknown god.
  1608 | D:2      | Noticed Natasha
  1622 | D:2      | Killed Natasha
  1623 | D:2      | Reached skill level 6 in Summonings
  1623 | D:2      | Reached XP level 3. HP: 16/19 MP: 1/7
  1717 | D:2      | Noticed Natasha
  1742 | D:2      | Killed Natasha
  1743 | D:2      | Reached XP level 4. HP: 20/24 MP: 0/8
  1814 | D:2      | Learned a level 4 spell: Summon Lightning Spire
  2057 | D:2      | Noticed Natasha
  2068 | D:2      | Killed Natasha
  2069 | D:2      | Reached skill level 1 in Air Magic
  2570 | D:3      | Noticed a necrophage
  2580 | D:3      | Killed a necrophage
  2581 | D:3      | Reached skill level 1 in Fighting
  2581 | D:3      | Reached skill level 1 in Maces & Flails
  2581 | D:3      | Gained mutation: Your magical nature lets you fly swiftly
                  | and evasively. [Tengu growth]
  2581 | D:3      | Reached XP level 5. HP: 24/29 MP: 10/10
  2656 | D:3      | Found a glowing drain.
  2667 | Sewer    | Entered a sewer
  2726 | Sewer    | Noticed Purgy
  2748 | Sewer    | Killed Purgy
  2749 | Sewer    | Reached XP level 6. HP: 34/34 MP: 8/11
  4271 | D:4      | Found a staircase to the Ecumenical Temple.
  4286 | Temple   | Entered the Ecumenical Temple
  4574 | Temple   | quinnr: !whichgod TeSu
  4574 | Temple   | beem: 6 recent wins for TeSu: 3x Gozag, Ashenzari,
                  | Hepliaklqana, Vehumet
  4591 | Temple   | Became a worshipper of Hepliaklqana the Forgotten
  4773 | D:4      | Reached XP level 7. HP: 38/38 MP: 12/14
  4776 | D:4      | Reached skill level 7 in Summonings
  5093 | D:4      | Found Noaxue Sila's Distillery.
  5237 | D:4      | Bought a potion of heal wounds for 60 gold pieces
  5237 | D:4      | Bought a potion of might for 48 gold pieces
  5354 | D:5      | Entered Level 5 of the Dungeon
  5358 | D:5      | Reached skill level 5 in Air Magic
  5551 | D:5      | Learned a level 2 spell: Blink
  5555 | D:5      | Learned a level 3 spell: Mephitic Cloud
  5809 | D:5      | Reached skill level 1 in Translocations
  5830 | D:5      | Reached skill level 8 in Summonings
  6005 | D:5      | Reached * piety under Hepliaklqana
  6198 | D:5      | Reached XP level 8. HP: 38/38 MP: 15/15
  6201 | D:5      | Learned a level 2 spell: Passwall
  6507 | D:5      | Identified the amulet of the Ageing King {RegenMP Rampage}
  7011 | D:5      | quinnr: ??rampage
  7011 | D:5      | beem: rampaging[1/1]: Boot ego that causes the user to
                  | automatically take an extra step (with no time cost) when
                  | they walk towards an enemy. Can also appear on randart
                  | armour in other slots. Does not stack with {Wu Jian}
                  | martial moves. Added in 0.26.
  7171 | D:6      | Reached ** piety under Hepliaklqana
  7172 | D:6      | Remembered your ancestor Muffin as a hexer
  7298 | D:6      | Found a radiant altar of Vehumet.
  7312 | D:6      | Noticed Blork the orc
  7320 | D:6      | Killed Blork the orc
  7516 | D:6      | Found an iron altar of Okawaru.
  7928 | D:6      | Reached skill level 5 in Spellcasting
  8242 | D:7      | Reached skill level 1 in Transmutations
  8244 | D:7      | Reached skill level 1 in Earth Magic
  8378 | D:7      | Found a stormy altar of Qazlal.
  8378 | D:7      | Noticed Menkaure
  8391 | D:7      | Killed Menkaure
  8408 | D:7      | Found a shimmering blue altar of Sif Muna.
  8483 | D:7      | Reached XP level 9. HP: 44/44 MP: 17/17
  8573 | D:7      | Noticed Harold
  8575 | D:7      | Noticed a six-headed hydra
  8583 | D:7      | Slain by a six-headed hydra

Illustrated notes

Levels and vault maps discovered:
D:1:      psy_arrival_statuary, layout_basic, serial_shops,
          nicolae_shop_waterfront, minmay_pentomino_v4
D:2:      layout_basic, ebering_ecumenical_altar_petrified,
          columned_hall_lemuel, uniq_natasha
D:3:      layout_loops_ring, portal_sewer_entry_d, serial_undead,
          serial_undead_c, serial_undead_f, serial_undead_c, serial_undead_e,
          serial_undead_e, serial_undead_c, serial_undead_b, serial_undead_a
D:4:      layout_loops_ring, temple_fountains, kennysheep_windowed_goal
D:5:      cheibrodos_quashed, layout_gridville, minivault_1, st_stairs_2,
          minmay_circle_x
D:6:      layout_loops_ring, lemuel_coloured_pillars_altar,
          kennysheep_little_box, st_stairs_8, uniq_blork_the_orc
D:7:      layout_gridville, nicolae_overflow_hidden_temple, serial_shops,
          kennysheep_mini, uniq_duvessa, uniq_harold, uniq_menkaure
Temple:   nicolae_temple_great_sept

Skill      XL: |  1  2  3  4  5  6  7  8  9 |
---------------+----------------------------+-----
Summonings     | 5 6 8 |  8.0
Air Magic      | 2 3 4 5 7 |  7.0
Fighting       | 1 2 |  2.8
Maces & Flails | 1 |  1.0
Spellcasting   | 3 4 5 |  5.0
Translocations | 2 3 |  3.0
Transmutations | 1 2 |  2.0
Earth Magic    | 1 |  1.9
Dodging        | |  2.2
Stealth        | |  2.0

Action                   |  1- 3 |  4- 6 |  7- 9 || total
-------------------------+-------+-------+-------++-------
Melee: Unarmed           |    12 |       |       ||    12
       Whip              |    15 |    61 |     1 ||    77
       Peck              |     5 |    12 |     6 ||    23
       Kick              |     1 |    11 |     5 ||    17
       Halberd           |       |       |    25 ||    25
       Bardiche          |       |       |    26 ||    26
Throw: Dart              |       |       |     2 ||     2
 Cast: Summon Small Mamm |    25 |     2 |       ||    27
       Call Imp          |    26 |    56 |    64 ||   146
       Summon Lightning  |       |    12 |    38 ||    50
       Passwall          |       |       |     4 ||     4
       Blink             |       |       |     1 ||     1
       Mephitic Cloud    |       |       |     1 ||     1
Invok: Ancestor Identity |       |       |     1 ||     1
       Ancestor Life: He |       |       |     1 ||     1
  Use: Scroll            |       |     4 |       ||     4
       Potion            |       |     1 |     2 ||     3
 Stab: Sleeping          |     3 |     1 |       ||     4
       Distracted        |     1 |     1 |     2 ||     4
       Confused          |       |       |     1 ||     1
Armor: Robe              |    12 |    16 |    39 ||    67
Dodge: Dodged            |    16 |    40 |    75 ||   131

Table legend: (Time is in decaauts)
 A = Elapsed time spent in this place.
 B = Non-inter-level travel time spent in this place.
 C = Inter-level travel time spent in this place.
 D = Time resting spent in this place.
 E = Time spent auto-exploring this place.
 F = Levels seen in this place.
 G = Mean time per level.
                   A        B        C        D        E       F      G
               +--------+--------+--------+--------+--------+-----+--------+
         Total |   8331 |   7953 |    378 |   1141 |   5470 |   9 |  925.7 |
       Dungeon |   7819 |   7463 |    356 |    933 |   5239 |   7 | 1117.0 |
        Temple |    303 |    281 |     22 |    208 |     69 |   1 |  303.0 |
         Sewer |    208 |    208 |      0 |      0 |    161 |   1 |  208.0 |
               +--------+--------+--------+--------+--------+-----+--------+

Top non-repeatable levels by time:
     D:1: 1571 daAuts
     D:5: 1443 daAuts
     D:6: 1229 daAuts
     D:2: 1144 daAuts
     D:3: 1086 daAuts
     D:4: 977 daAuts
     D:7: 366 daAuts
  Temple: 303 daAuts
   Sewer: 208 daAuts
